 Dungeon Crawl Stone Soup version 0.25.1-2-g60ff931df9 (webtiles) character file.

Game seed: 802363319806669838

132 Atelerd the Stinger (level 5, -2/31 HPs)
             Began as an Octopode Venom Mage on July 30, 2020.
             Killed by divine providence
             ... invoked by an orc priest
              (13 damage)
             ... on level 3 of the Dungeon.
             The game lasted 00:01:58 (3156 turns).

Atelerd the Stinger (Octopode Venom Mage)           Turns: 3156, Time: 00:01:58

Health: -2/31      AC: -3    Str:  7    XL:     5   Next: 15%
Magic:  7/9        EV: 13    Int: 18    God:
Gold:   178        SH:  0    Dex: 13    Spells: 5/9 levels left

rFire    . . .     SeeInvis .   f - +0 spear (venom)
rCold    . . .     Gourm    .   (no shield)
rNeg     . . .     Faith    .   (helmet restricted)
rPois    .         Spirit   .   (no amulet)
rElec    .         Reflect  .   l - -4 ring of protection (curse)
rCorr    .         Harm     .   (no ring)
MR       .....                  (no ring)
Stlth    +++.......             (no ring)
HPRegen  0.10/turn              (no ring)
MPRegen  0.11/turn              (no ring)
                                (no ring)
                                (no ring)

@: very slightly contaminated
A: almost no armour, stealthy swim, amphibious, 8 rings, constrict 8, camouflage
1, gelatinous body 1
a: no special abilities


You were on level 3 of the Dungeon.
You were not hungry.

You visited 1 branch of the dungeon, and saw 4 of its levels.

You collected 178 gold pieces.

Inventory:

Hand Weapons
 f - a +0 spear of venom (weapon)
Jewellery
 l - a cursed -4 ring of protection (left tentacle)
 m - a cursed amulet of inaccuracy {unknown}
Scrolls
 e - a scroll of enchant armour {unknown}
 h - a scroll of enchant weapon {unknown}
 i - a scroll of identify {unknown}
 j - a scroll of remove curse {unknown}
 k - 2 scrolls of teleportation {unknown}
Potions
 a - 2 potions of flight {unknown}
 c - 3 potions of curing {unknown}
 d - a potion of haste {unknown}
 g - a potion of brilliance {unknown}
 n - 2 potions of lignification {unknown}
Comestibles
 b - 5 rations
 o - 2 chunks of flesh


   Skills:
 - Level 2.0 Dodging
 - Level 2.6 Stealth
 + Level 2.7 Spellcasting
 + Level 2.0 Transmutations
 * Level 2.1 Air Magic
 * Level 5.0 Poison Magic


You had 5 spell levels left.
You knew the following spells:

 Your Spells              Type           Power        Failure   Level  Hunger
a - Sting                 Tmut/Pois      ###.         3%          1    None
b - Mephitic Cloud        Conj/Pois/Air  ##......     19%         3    ###....

Your spell library contained the following spells:

 Spells                   Type           Power        Failure   Level  Hunger
 Poisonous Vapours        Pois/Air       ###...       6%          2    ##.....
 Ignite Poison            Fire/Tmut/Pois ##......     19%         3    ###....
 Olgreb's Toxic Radiance  Pois           ###.....     21%         4    ####...


Dungeon Overview and Level Annotations

Branches:
Dungeon (4/15)
 Temple: D:4-7

Altars:
Ru


Innate Abilities, Weirdness & Mutations

You cannot wear most types of armour.
You are very stealthy in the water. (Stealth+)
You are amphibious.
You can wear up to eight rings at the same time.
You can use your tentacles to constrict eight enemies at once.
Your skin changes colour to match your surroundings (Stealth+).
Your rubbery body absorbs attacks. (AC +1, EV +1)


Message History

Casting: Sting (safe; 3% risk of failure)
Confirm with . or Enter, or press ? or * to list all spells.
Aiming: Sting (safe; 3% risk of failure)
Press: ? - help, Shift-Dir - straight line, f - orc priest
Aim: an orc priest, wearing a +0 leather armour The sting hits the orc priest.
The orc priest is poisoned.
The orc priest is moderately wounded.
The orc priest mumbles some strange prayers to Beogh against you.
Beogh smites you!
Casting: Sting (safe; 3% risk of failure)
Confirm with . or Enter, or press ? or * to list all spells.
Aiming: Sting (safe; 3% risk of failure)
Press: ? - help, Shift-Dir - straight line, f/p - orc priest
Aim: an orc priest, wearing a +0 leather armour (moderately wounded, poisoned)
You miscast Sting.
You are very lightly contaminated with residual magic.
Nothing appears to happen.
The orc priest calls down the wrath of Beogh upon you.
Beogh smites you!
You die...

#####'#.####......
#.....#....#.#'#..
#.########.#.#...#
#.# #.#.#.### #.#
#...#รท#.. #.#
#######.# #)# #.#
#.# #.. #@# #..
#.o...... .....
######### ####.#
#.. ###


You could see an orc priest (poisoned).

Vanquished Creatures
  An orc wizard (D:3)
  A gnoll (D:1)
  3 adders (D:3)
  An ooze (D:2)
  3 worms
  3 orcs
  2 bats
  3 giant cockroaches
  5 hobgoblins
  6 jackals
  2 quokkas
  2 ball pythons (D:3)
  A frilled lizard (D:3)
  5 goblins
  7 kobolds
  8 rats
53 creatures vanquished.

Notes
Turn   | Place    | Note
-------+----------+-------------------------------------------
     0 | D:1      | Atelerd the Octopode Venom Mage began the quest for the
                  | Orb.
     0 | D:1      | Reached XP level 1. HP: 11/11 MP: 3/3
    43 | D:1      | Reached skill level 4 in Poison Magic
    43 | D:1      | Reached XP level 2. HP: 14/17 MP: 0/5
   885 | D:1      | Reached XP level 3. HP: 21/21 MP: 6/6
   890 | D:1      | Learned a level 3 spell: Mephitic Cloud
  1063 | D:2      | Found a sacrificial altar of Ru.
  1830 | D:2      | Found a faded altar of an unknown god.
  1837 | D:2      | Reached skill level 1 in Air Magic
  2185 | D:2      | You fall into a shaft and drop 2 floors!
  2248 | D:3      | Reached XP level 4. HP: 22/27 MP: 7/7
  3154 | D:3      | Reached skill level 5 in Poison Magic
  3154 | D:3      | Reached XP level 5. HP: 20/31 MP: 9/9
  3156 | D:3      | Killed from afar by an orc priest

Illustrated notes

Levels and vault maps discovered:
D:1:      heliophobic_arrival_dark_side_of_the_moon, layout_basic
D:2:      layout_loops_corners, first_ration,
          chequers_ecumenical_altar_simple_redux,
          nicolae_ru_the_path_less_chosen
D:3:      layout_basic
D:4:      layout_basic

Skill      XL: |  1  2  3  4 |
---------------+-------------+-----
Poison Magic   | 4 5 |  5.0
Air Magic      | 1 2 |  2.1
Transmutations | 2 |  2.0
Dodging        | |  2.0
Stealth        | |  2.6
Spellcasting   | |  2.7

Action                   |  1- 3 |  4- 6 || total
-------------------------+-------+-------++-------
Melee: Unarmed           |     6 |       ||     6
       Tentacles         |    11 |     5 ||    16
       Spear             |    71 |    39 ||   110
       Constrict         |    19 |    13 ||    32
       Dagger            |     1 |       ||     1
 Cast: Sting             |     9 |    14 ||    23
 Stab: Sleeping          |    12 |     7 ||    19
  Eat: Chunk             |     4 |     3 ||     7
Armor: Skin              |     1 |       ||     1
Dodge: Dodged            |    28 |    16 ||    44
